 Dungeon Crawl Stone Soup version 0.30-a0-760-g5a9884bb7c (webtiles) character file.

Game seed: 14582667082922516636

146 voltaire321 the Slasher (level 5, -2/40 HPs)
             Began as a Merfolk Gladiator on Feb 12, 2023.
             Slain by an orc
             ... wielding a +0 flail
              (6 damage)
             ... on level 3 of the Dungeon.
             The game lasted 00:04:53 (2001 turns).

voltaire321 the Slasher (Merfolk Gladiator)         Turns: 2001, Time: 00:04:53

Health: -2/40      AC:  4    Str: 14    XL:     5   Next: 28%
Magic:  5/5        EV: 13    Int:  9    God:
Gold:   125        SH:  0    Dex: 16    Spells: 4/4 levels left

rFire   . . .      SeeInvis .    a - +0 long sword
rCold   . . .      Faith    .    (no shield)
rNeg    . . .      Spirit   .    b - +0 leather armour
rPois   .          Reflect  .    c - +0 helmet
rElec   .          Harm     .    (no cloak)
rCorr   .          Rampage  .    (no gloves)
Will    .....                    (no boots)
Stlth   +                        j - amulet of regeneration
HPRegen 1.06/turn                (no ring)
MPRegen 0.09/turn                (no ring)

@: no status effects
A: (nimble swimmer 2), mertail
a: no special abilities


You were on level 3 of the Dungeon.
You visited 1 branch of the dungeon, and saw 3 of its levels.

You collected 125 gold pieces.

Inventory:

Hand Weapons
 a - a +0 long sword (weapon)
Missiles
 d - 3 throwing nets
 e - a javelin
 f - 6 poisoned darts (quivered)
 q - 5 boomerangs
Armour
 b - a +0 leather armour (worn)
 c - a +0 helmet (worn)
Jewellery
 j - an amulet of regeneration (around neck)
 l - an amulet of faith
Scrolls
 h - 3 scrolls of blinking {unknown}
 k - a scroll of poison {unknown}
 n - a scroll of torment {unknown}
 p - a scroll of enchant weapon {unknown}
 r - 2 scrolls of identify {unknown}
 s - a scroll of fog {unknown}
 t - a scroll of amnesia {unknown}
 u - a scroll of teleportation {unknown}
Potions
 g - a potion of brilliance {unknown}
 i - a potion of resistance {unknown}
 m - 3 potions of heal wounds {unknown}
 o - a potion of flight {unknown}


   Skills:
 + Level 2.9 Fighting
 * Level 4.9 Long Blades
 * Level 3.1 Throwing
 + Level 1.0 Armour
 + Level 4.7 Dodging


You had 4 spell levels left.
You didn't know any spells.
Your spell library was empty.

Dungeon Overview and Level Annotations

Branches:
Dungeon (3/15)

Altars:
Sif Muna


Innate Abilities, Weirdness & Mutations

((You are very nimble when in or above water. (Stealth+, EV+, Speed+++)))
Your lower body shifts to a powerful aquatic tail in water.


Message History

The orc priest is severely wounded.
The orc priest barely misses you. The orc wizard completely misses you.
The orc priest miscasts a cantrip.
You slash the orc priest!
You kill the orc priest!
The orc wizard barely misses you.
Your Throwing skill increases to level 3!
Your Armour skill increases to level 1!
You have reached level 5!
You feel agile.
You closely miss the orc. The orc misses you.
The orc wizard hits you but does no damage.
You barely miss the orc. The orc misses you.
The orc wizard hits you with a +0 dagger.
You hit the orc wizard.
The orc wizard is heavily wounded.
The orc hits you with a +0 flail. The orc wizard closely misses you.
You completely miss the orc wizard.
The orc wizard is heavily wounded.
The orc barely misses you.
The orc wizard hits you with a +0 dagger.
The orc completely misses you.
The orc wizard hits you but does no damage.
You hit the orc wizard.
The orc wizard is almost dead.
The orc hits you but does no damage.
The orc wizard gestures at you while chanting.
The puff of flame hits you!
You slash the orc wizard!
You kill the orc wizard!
The orc hits you with a +0 flail!
* * * LOW HITPOINT WARNING * * *
You closely miss the orc. The orc hits you with a +0 flail.
* * * LOW HITPOINT WARNING * * *
You barely miss the orc. The orc hits you with a +0 flail.
* * * LOW HITPOINT WARNING * * *
You barely miss the orc. The orc hits you with a +0 flail.
* * * LOW HITPOINT WARNING * * *
The orc attacks as you move away! The orc hits you with a +0 flail.
You die...

#....# #######........
##....########..............
#>....).................####
#......###.###.###........##
##.........# #.# #.#....#.#.
#....####.###.###.#..###.#.
###### #.......#.#..###.#.
#.................. #####
#.@o..#.####.####.. #....
#...)##.# #.# #..
#....##.#.....# #.# #.#
#....##.#..)....##.# #.#
####.......#.≈≈≈≈≈.##.# #..
#.........##.≈≈≈°≈....# ###
#............≈≈_≈≈.####
#.........#..≈≈.§○...
#.........#..≈≈§≈≈....


You could see an orc.

Vanquished Creatures
  An orc priest (D:3)
  An orc wizard (D:3)
  2 adders (D:3)
  A worm (D:3)
  3 dart slugs (D:3)
  5 orcs (D:3)
  8 ball pythons
  3 bats
  6 endoplasms
  A giant cockroach (D:1)
  3 hobgoblins
  2 quokkas
  4 frilled lizards
  14 goblins
  A kobold (D:1)
  4 rats
59 creatures vanquished.

Vanquished Creatures (others)
  9 plants (D:2)
9 creatures vanquished.

Grand Total: 68 creatures vanquished

Notes
Turn   | Place    | Note
-------+----------+-------------------------------------------
     0 | D:1      | voltaire321 the Merfolk Gladiator began the quest for the
                  | Orb.
     0 | D:1      | Reached XP level 1. HP: 16/16 MP: 1/1
    98 | D:1      | Reached XP level 2. HP: 22/22 MP: 2/2
   575 | D:2      | Reached XP level 3. HP: 28/28 MP: 3/3
  1021 | D:2      | Found a faded altar of an unknown god.
  1480 | D:3      | Found a shimmering blue altar of Sif Muna.
  1499 | D:3      | Reached XP level 4. HP: 34/34 MP: 4/4
  1990 | D:3      | Reached skill level 1 in Armour
  1990 | D:3      | Reached XP level 5. HP: 22/40 MP: 5/5
  1998 | D:3      | HP: 2/40 [orc/+0 flail (6)]
  2001 | D:3      | Slain by an orc

Illustrated notes

Levels and vault maps discovered:
D:1:      minmay_arrival_checkered_box, layout_rooms,
          hangedman_decor_peaks_small
D:2:      layout_loops_corners, basic_ecumenical_altar, serial_bayou_lagoon_b,
          uniq_robin
D:3:      layout_basic, nicolae_sif_muna_condensation, grunt_ministairs_15

Skill      XL: |  1  2  3  4 |
---------------+-------------+-----
Long Blades    | 4 |  4.9
Throwing       | 3 |  3.1
Armour         | 1 |  1.0
Fighting       | |  2.9
Dodging        | |  4.7

Action                     |  1- 3 |  4- 6 || total
---------------------------+-------+-------++-------
  Melee: Long sword        |   124 |    43 ||   167
         Punch             |     2 |     1 ||     3
         Tailslap          |     1 |       ||     1
  Throw: Dart              |     1 |       ||     1
   Stab: Sleeping          |     1 |     1 ||     2
 Armour: Leather armour    |    27 |    10 ||    37
  Dodge: Dodged            |    98 |    27 ||   125

Table legend: (Time is in decaauts)
 A = Elapsed time spent in this place.
 B = Non-inter-level travel time spent in this place.
 C = Inter-level travel time spent in this place.
 D = Time resting spent in this place.
 E = Time spent auto-exploring this place.
 F = Levels seen in this place.
 G = Mean time per level.
                   A        B        C        D        E       F      G
               +--------+--------+--------+--------+--------+-----+--------+
         Total |   2016 |   1952 |     64 |      0 |   1441 |   3 |  672.0 |
       Dungeon |   2016 |   1952 |     64 |      0 |   1441 |   3 |  672.0 |
               +--------+--------+--------+--------+--------+-----+--------+

Top non-repeatable levels by time:
     D:2: 923 daAuts
     D:3: 610 daAuts
     D:1: 481 daAuts
